Map: Zona del Vuoto

Players

Dem

  • Race: Protoss Protoss

Zarathustra

  • Race: Protoss Protoss
  • League: Diamond

blc

  • Race: Protoss Protoss
  • League: Gold

raider

  • Race: Terran Terran

JohnRipley - Winner!

  • Race: Zerg Zerg
  • League: Silver

Leoreign - Winner!

  • Race: Protoss Protoss
  • League: Gold

LEBEN - Winner!

  • Race: Terran Terran
  • League: Gold

Jhyrachy - Winner!

  • Race: Zerg Zerg
  • League: Gold

VOD

Have the link to the VOD?

Description

Time

  • Played on: April 26, 2016, 7:44 p.m.
  • Length: 19:07
Show
View Real Time Build Order
Export as new Build Order

Dem Protoss 

Build Orders:  

Get SALT Encoding   

  12  0:05  Probe (Chrono Boost)  
  13  0:16  Probe (Chrono Boost)  
  14  0:26  Probe (Chrono Boost)  
  15  0:29  Pylon  
  15  0:47  Probe (Chrono Boost)  
  16  0:56  Gateway  
  16  1:00  Gateway  
  16  1:05  Gateway  
  16  1:10  Probe (Chrono Boost)  
  17  1:14  Pylon  
  17  1:21  Probe (Chrono Boost)  
  18  1:31  Probe (Chrono Boost)  
  19  1:42  Probe (Chrono Boost)  
  19  1:44  Zealot (Chrono Boost)  
  22  1:53  Probe  
  25  1:56  Zealot (Chrono Boost)  
  25  1:58  Zealot (Chrono Boost)  
  29  2:08  Zealot (Chrono Boost)  
  31  2:26  Zealot (Chrono Boost)  
  31  2:29  Pylon  
  31  2:32  Assimilator  
  31  2:37  Assimilator  
  31  2:47  Probe  
  31  2:48  Zealot (Chrono Boost)  
  38  2:51  Zealot (Chrono Boost)  
  38  2:53  Zealot (Chrono Boost)  
  38  3:08  Probe  
  39  3:53  Zealot (Chrono Boost)  
  39  3:55  Zealot (Chrono Boost)  
  37  3:57  Zealot (Chrono Boost)  
  37  4:17  Zealot (Chrono Boost)  
  35  4:32  Cybernetics Core  
  35  4:39  Probe  
  36  4:52  Probe  
  37  4:54  Pylon  
  37  4:57  Pylon  
  37  4:58  Cybernetics Core  
  33  5:00  Nexus  
  33  5:04  Probe  
  34  5:40  Stargate  
  34  5:43  Stargate  
  34  5:44  Stargate  
  25  6:49  Void Ray (Chrono Boost)  
  25  6:53  Void Ray (Chrono Boost)  
  36  6:55  Void Ray (Chrono Boost)  
  36  7:22  Pylon  
  36  7:26  Pylon  
  36  7:30  Pylon  
  23  8:12  Void Ray (Chrono Boost)  
  35  8:14  Void Ray x2 (Chrono Boost)  
  35  8:27  Probe  
  35  8:29  Probe  
  37  8:40  Probe  
  37  8:41  Probe  
  39  8:44  Assimilator  
  39  8:49  Assimilator  
  39  8:50  Pylon  
  39  8:52  Probe  
  39  8:53  Probe  
  45  9:03  Nexus  
  45  9:04  Probe  
  45  9:05  Probe  
  45  9:07  Void Ray (Chrono Boost)  
  46  9:16  Probe  
  47  9:17  Probe  
  48  9:24  Forge  
  48  9:28  Probe  
  48  9:29  Probe  
  42  10:17  Void Ray x2 (Chrono Boost)  
  54  10:23  Void Ray (Chrono Boost)  
  54  10:54  Phoenix (Chrono Boost)  
  53  11:45  Phoenix x2 (Chrono Boost)  
  59  11:49  Phoenix (Chrono Boost)  
  59  12:07  Phoenix (Chrono Boost)  
  63  12:10  Phoenix (Chrono Boost)  
  55  13:30  Pylon  
  55  13:33  Pylon  
  55  13:37  Pylon  
  55  13:48  Phoenix (Chrono Boost)  
  61  13:51  Phoenix x2 (Chrono Boost)  
  43  14:10  Phoenix (Chrono Boost)  
  43  14:16  Phoenix x2 (Chrono Boost)  
  35  14:41  Phoenix (Chrono Boost)  
  35  15:36  Phoenix (Chrono Boost)  
  35  15:39  Phoenix x2 (Chrono Boost)  
  41  15:48  Nexus  
  41  15:58  Phoenix (Chrono Boost)  
  47  16:04  Phoenix x2 (Chrono Boost)  
  47  16:29  Phoenix (Chrono Boost)  
  49  17:48  Void Ray (Chrono Boost)  
  61  17:53  Void Ray x2 (Chrono Boost)  
  61  18:25  Void Ray (Chrono Boost)  
Show
View Real Time Build Order
Export as new Build Order

Zarathustra Protoss 

Build Orders: Mass Adepts 

Get SALT Encoding   

  12  0:02  Probe (Chrono Boost)  
  13  0:12  Probe (Chrono Boost)  
  14  0:20  Pylon  
  14  0:24  Probe (Chrono Boost)  
  15  0:38  Probe (Chrono Boost)  
  15  0:40  Gateway  
  16  0:49  Probe (Chrono Boost)  
  17  0:51  Assimilator  
  17  0:59  Probe (Chrono Boost)  
  18  1:07  Gateway  
  18  1:10  Probe (Chrono Boost)  
  19  1:20  Probe (Chrono Boost)  
  19  1:22  Pylon  
  20  1:33  Cybernetics Core, Probe (Chrono Boost)  
  21  1:40  Assimilator  
  21  1:45  Probe (Chrono Boost)  
  22  1:54  Gateway  
  22  2:11  Adept x2  
  22  2:14  Warp Gate (Chrono Boost)  
  28  2:30  Mothership Core  
  28  2:33  Pylon  
  28  2:39  Adept  
  30  2:49  Pylon  
  30  2:51  Adept x2  
  34  3:09  Adept  
  36  3:19  Adept  
  40  3:20  Adept  
  36  4:02  Adept  
  36  4:03  Adept  
  36  4:04  Adept  
  40  4:23  Adept x2  
  44  4:24  Adept  
  40  4:57  Adept x2  
  40  4:58  Adept  
  34  5:21  Gateway x2  
  34  5:23  Adept x2  
  34  5:24  Gateway, Adept  
  34  5:27  Pylon  
  40  5:29  Pylon  
  40  5:49  Twilight Council  
  40  6:03  Stalker x2  
  44  6:17  Stalker  
  36  6:27  Stalker  
  36  6:28  Stalker x3  
  40  6:33  Stalker  
  42  6:45  Mothership Core (Chrono Boost)  
  42  6:51  Stalker  
  33  7:18  Pylon  
  29  7:22  Pylon  
  17  7:58  Pylon  
  16  8:13  Pylon  
  16  8:17  Mothership Core (Chrono Boost)  
  18  8:30  Nexus  
  18  8:32  Pylon  
  18  8:35  Probe (Chrono Boost)  
  19  8:41  Dark Shrine  
  19  8:43  Pylon  
  19  8:46  Probe (Chrono Boost)  
  20  8:56  Probe (Chrono Boost)  
  21  9:07  Probe (Chrono Boost)  
  22  9:17  Probe (Chrono Boost)  
  23  9:28  Probe (Chrono Boost)  
  24  9:51  Pylon  
  24  9:57  Nexus  
  24  10:00  Dark Templar x2  
  24  10:01  Dark Templar x4  
  36  10:15  Pylon  
  36  10:17  Pylon  
  3  15:29  Stalker x2  
  3  15:30  Stalker  
  3  15:31  Stalker x2  
  3  15:32  Stalker  
  15  15:56  Probe (Chrono Boost)  
  16  16:03  Stalker  
  18  16:04  Stalker x2  
  18  16:05  Stalker  
  18  16:07  Probe (Chrono Boost)  
  18  16:08  Sentry  
  18  16:09  Sentry  
  29  16:17  Probe (Chrono Boost)  
  30  16:28  Probe (Chrono Boost)  
  31  16:38  Probe (Chrono Boost)  
  32  17:40  Stalker  
  32  17:41  Stalker x3  
  32  17:42  Stalker x2  
  21  18:53  Stalker  
  21  18:54  Stalker  
  21  18:55  Dark Templar x3  
Show
View Real Time Build Order
Export as new Build Order

blc Protoss 

Build Orders: Cannon Rush 

Get SALT Encoding   

  12  0:05  Probe (Chrono Boost)  
  13  0:15  Probe (Chrono Boost)  
  14  0:22  Pylon  
  14  0:26  Probe (Chrono Boost)  
  15  0:40  Probe (Chrono Boost)  
  16  0:44  Forge  
  16  0:50  Probe (Chrono Boost)  
  16  0:53  Pylon  
  17  1:01  Probe (Chrono Boost)  
  18  1:11  Gateway  
  18  1:12  Probe (Chrono Boost)  
  19  1:20  Photon Cannon  
  19  1:25  Probe (Chrono Boost)  
  20  1:33  Photon Cannon  
  20  1:38  Probe (Chrono Boost)  
  21  1:46  Photon Cannon  
  21  1:55  Photon Cannon  
  21  2:03  Photon Cannon  
  21  2:12  Pylon  
  21  2:23  Assimilator  
  21  2:27  Pylon  
  21  2:30  Assimilator  
  21  2:38  Probe (Chrono Boost)  
  22  3:03  Nexus  
  22  3:06  Photon Cannon  
  22  3:09  Photon Cannon  
  22  3:23  Photon Cannon  
  22  3:34  Cybernetics Core  
  22  3:41  Pylon  
  22  4:15  Photon Cannon  
  22  4:19  Pylon  
  22  4:23  Stargate  
  22  4:25  Pylon  
  22  4:32  Probe (Chrono Boost)  
  22  4:35  Probe (Chrono Boost), Pylon  
  22  4:36  Assimilator  
  22  4:38  Assimilator  
  24  4:44  Mothership Core (Chrono Boost)  
  26  5:04  Stargate x2  
  26  5:06  Probe x2 (Chrono Boost)  
  28  5:18  Probe x2 (Chrono Boost)  
  30  5:33  Fleet Beacon  
  38  6:28  Tempest (Chrono Boost)  
  38  6:31  Tempest (Chrono Boost)  
  38  6:33  Tempest (Chrono Boost)  
  38  6:38  Probe x2  
  44  7:01  Protoss Air Weapons Level 1 (Chrono Boost)  
  44  7:02  Tempest  
  48  7:09  Probe x2  
  50  7:23  Tempest  
  50  7:27  Probe  
  56  7:30  Probe  
  56  7:48  Tempest  
  64  8:14  Tempest (Chrono Boost)  
  64  8:15  Probe x2  
  66  8:24  Tempest (Chrono Boost)  
  70  8:29  Protoss Air Weapons Level 2 (Chrono Boost)  
  70  8:37  Tempest (Chrono Boost)  
  80  9:54  Tempest (Chrono Boost)  
  88  10:00  Tempest (Chrono Boost)  
  92  10:32  Tempest (Chrono Boost)  
  92  10:52  Pylon  
  92  10:53  Pylon  
  92  10:55  Pylon  
  92  11:11  Tempest (Chrono Boost)  
  100  11:16  Tempest (Chrono Boost)  
  100  12:01  Pylon x2  
  72  12:28  Tempest (Chrono Boost)  
  83  12:33  Tempest (Chrono Boost)  
  83  12:34  Tempest (Chrono Boost)  
  77  13:08  Tempest (Chrono Boost)  
  85  13:16  Tempest (Chrono Boost)  
  85  13:19  Mothership Core  
  47  13:50  Phoenix x2 (Chrono Boost)  
  118  13:55  Phoenix (Chrono Boost)  
  45  14:07  Gateway x2  
  45  14:09  Gateway  
  45  14:10  Phoenix  
  45  14:12  Phoenix  
  45  14:13  Gateway  
  45  14:16  Protoss Ground Weapons Level 1 (Chrono Boost), Gateway  
  49  14:18  Phoenix  
Show
View Real Time Build Order
Export as new Build Order

raider Terran 

Build Orders: Mech 

Get SALT Encoding   

  12  0:02  SCV  
  13  0:14  SCV  
  14  0:27  SCV  
  15  0:30  Supply Depot  
  15  0:51  SCV  
  15  0:53  Barracks  
  16  1:04  Barracks  
  16  1:07  SCV  
  16  1:08  Barracks  
  17  1:21  SCV  
  18  1:27  Supply Depot  
  18  1:33  SCV  
  19  1:41  Marine  
  19  1:45  SCV, Barracks  
  21  1:57  SCV  
  21  1:59  Marine x3  
  25  2:16  Marine  
  25  2:17  Marine x2  
  25  2:18  Supply Depot  
  28  2:25  Orbital Command  
  28  2:34  Marine  
  28  2:35  Refinery  
  29  2:50  Marine  
  29  2:51  Marine x2  
  31  2:52  Marine  
  33  3:08  Marine x2  
  33  3:09  Marine  
  33  3:10  Marine  
  33  3:12  Refinery  
  37  3:26  Marine x2  
  39  3:57  Marine x2  
  30  4:29  Marine x3  
  26  4:58  Factory  
  24  5:00  Factory  
  24  5:02  Factory  
  24  5:10  Reaper x3  
  24  5:51  Widow Mine x2  
  24  5:55  Marine x2  
  24  5:56  Bunker, Marine x2  
  31  6:06  Widow Mine  
  33  6:13  Marine  
  32  6:31  Factory Tech Lab x2  
  31  6:40  Marine  
  31  6:58  Supply Depot  
  31  7:02  Supply Depot  
  31  7:06  Marine  
  31  7:19  Siege Tank x2  
  31  7:20  Marine  
  34  7:51  Siege Tank  
  37  8:12  Factory Tech Lab  
  37  8:13  Siege Tank  
  40  8:22  Bunker, Command Center  
  40  8:23  Siege Tank  
  43  8:57  Siege Tank  
  46  9:13  Supply Depot  
  46  9:16  Supply Depot  
  46  9:18  Supply Depot  
  46  9:34  Siege Tank, Hellion  
  51  9:46  Engineering Bay  
  51  9:49  Orbital Command  
  51  9:51  Widow Mine  
  53  9:56  Hellion  
  55  10:05  Widow Mine  
  57  10:14  Missile Turret  
  57  10:17  Missile Turret  
  57  10:19  Missile Turret  
  57  10:22  Missile Turret  
  57  10:30  Missile Turret  
  53  10:47  Widow Mine x3  
  53  11:15  Widow Mine  
  55  11:18  Missile Turret  
  55  12:00  Armory  
  40  13:01  Thor  
  40  13:02  Thor  
  40  13:05  Terran Vehicle Weapons Level 1  
  52  13:21  Orbital Command  
  40  15:23  Thor  
  40  15:24  Thor x2  
  40  15:26  Barracks Reactor  
Show
View Real Time Build Order
Export as new Build Order

JohnRipley Zerg - Winner!

Build Orders: Hatch First 

Get SALT Encoding   

  12  0:01  Drone  
  13  0:15  Drone  
  14  0:42  Overlord  
  14  0:53  Extractor  
  13  1:00  Drone  
  13  1:01  Hatchery, Drone x2  
  15  1:14  Drone  
  16  1:23  Drone  
  17  1:36  Drone  
  18  1:53  Spawning Pool  
  17  1:55  Extractor  
  17  1:57  Overlord  
  16  2:03  Drone  
  16  2:31  Drone  
  16  2:33  Drone x2  
  19  2:38  Drone x2  
  19  2:39  Queen  
  23  2:44  Roach Warren  
  22  2:54  Drone x2  
  22  2:55  Drone x2  
  26  3:03  Drone  
  26  3:05  Drone  
  28  3:09  Drone  
  29  3:22  Drone  
  30  3:28  Queen  
  30  3:30  Lair  
  30  3:33  Roach  
  36  3:34  Roach  
  36  3:52  Overlord x2  
  36  3:57  Overlord  
  36  3:59  Spine Crawler  
  36  4:01  Overlord  
  35  4:13  Roach x3  
  35  4:14  Roach x2  
  45  4:22  Roach  
  45  4:23  Roach  
  49  4:31  Roach  
  55  4:38  Roach x3  
  57  4:47  Roach x2  
  57  4:48  Roach  
  63  5:00  Glial Reconstitution  
  63  5:05  Roach  
  65  5:12  Roach  
  65  5:13  Overlord  
  67  5:25  Spine Crawler  
  67  5:26  Overlord, Spine Crawler  
  65  5:30  Drone x2  
  67  5:52  Roach x3  
  67  5:53  Roach  
  75  5:59  Roach x2  
  79  6:04  Roach  
  79  6:06  Roach  
  83  6:11  Overlord x2  
  83  6:25  Roach x2  
  83  6:26  Roach  
  81  6:38  Drone, Spire  
  69  7:09  Roach x2  
  69  7:12  Lair  
  69  7:13  Drone x3  
  64  7:16  Extractor  
  64  7:18  Extractor  
  50  7:30  Overlord  
  50  7:31  Overlord  
  50  7:33  Overseer  
  50  7:46  Drone x4  
  50  7:47  Drone  
  53  8:01  Drone  
  53  8:02  Drone  
  55  8:28  Drone x4  
  59  8:35  Hatchery  
  59  8:40  Drone  
  59  8:47  Overseer  
  59  9:01  Mutalisk x2  
  59  9:02  Mutalisk x5  
  63  9:03  Mutalisk x6  
  85  9:30  Mutalisk x3  
  91  9:39  Extractor x2  
  91  9:43  Drone  
  91  9:44  Drone x3  
  93  9:47  Queen  
  95  10:02  Mutalisk x4  
  103  10:10  Mutalisk  
  105  10:15  Drone x3  
  106  10:59  Drone x2  
  106  11:02  Spore Crawler  
  105  11:14  Zerg Flyer Weapons Level 1  
  105  11:15  Drone x3  
  105  11:16  Mutalisk x7  
  122  11:28  Spore Crawler  
  122  11:32  Drone, Overlord  
  122  11:33  Overlord  
  122  11:39  Spire  
  121  11:49  Overlord  
  121  11:50  Overlord  
  121  12:00  Drone  
  92  12:41  Corruptor x6  
  92  12:42  Corruptor x2  
  104  12:47  Mutalisk x2  
  104  12:48  Mutalisk  
  110  12:59  Mutalisk  
  110  13:00  Mutalisk  
  110  13:01  Mutalisk x3  
  120  13:15  Zerg Flyer Armor Level 1  
  120  13:16  Drone x2  
  122  13:25  Overseer  
  122  13:27  Pneumatized Carapace  
  122  13:30  Hatchery  
  121  13:44  Mutalisk x3, Extractor  
  121  13:45  Mutalisk x3  
  121  13:46  Mutalisk x5  
  121  13:48  Extractor  
  141  13:49  Mutalisk x5  
  151  14:08  Mutalisk x3  
  149  14:23  Queen  
  151  14:32  Drone x3  
  152  14:56  Drone  
  152  14:57  Drone, Queen  
  152  14:59  Queen  
  158  15:05  Zerg Flyer Weapons Level 2  
  158  15:10  Overseer x2  
  158  15:14  Zerg Flyer Armor Level 2  
  158  15:19  Drone x2  
  160  15:26  Overlord x2  
  160  15:43  Queen  
  160  15:49  Overseer  
  162  15:53  Overseer  
  162  15:55  Overseer  
  162  16:19  Queen  
  162  16:20  Drone x4  
  162  16:21  Drone x5  
  173  16:34  Overlord  
  173  16:35  Overlord x2  
  173  16:36  Overlord  
  173  16:39  Spore Crawler  
  172  16:42  Spore Crawler  
  171  16:48  Spore Crawler  
  171  16:51  Corruptor x3  
  176  17:00  Infestation Pit  
  175  17:22  Spore Crawler  
  174  17:24  Spore Crawler x3  
  174  17:26  Spore Crawler  
  174  17:27  Spore Crawler  
  169  17:30  Spore Crawler  
  169  17:31  Spore Crawler  
  169  17:32  Corruptor x3  
  169  17:33  Spore Crawler  
  168  18:07  Corruptor x4  
  168  18:08  Corruptor x3  
  168  18:09  Corruptor x3  
  186  18:25  Hydralisk Den  
Show
View Real Time Build Order
Export as new Build Order

Leoreign Protoss - Winner!

Build Orders:  

Get SALT Encoding   

  12  0:02  Probe (Chrono Boost)  
  13  0:13  Probe (Chrono Boost)  
  14  0:23  Probe (Chrono Boost)  
  15  0:29  Pylon  
  15  0:47  Probe (Chrono Boost)  
  16  0:50  Gateway  
  16  0:58  Probe (Chrono Boost)  
  17  1:05  Assimilator  
  17  1:08  Probe (Chrono Boost)  
  17  1:10  Assimilator  
  18  1:14  Gateway  
  18  1:19  Probe (Chrono Boost)  
  19  1:30  Probe (Chrono Boost)  
  20  1:40  Probe (Chrono Boost)  
  20  1:43  Pylon  
  21  1:51  Probe (Chrono Boost)  
  22  1:58  Cybernetics Core  
  22  2:01  Probe (Chrono Boost), Pylon  
  23  2:16  Probe (Chrono Boost)  
  23  2:22  Gateway x2  
  24  2:28  Probe (Chrono Boost)  
  25  2:43  Probe (Chrono Boost)  
  26  2:45  Stalker x2  
  26  2:46  Warp Gate (Chrono Boost)  
  30  2:51  Pylon  
  30  3:01  Probe  
  31  3:13  Probe  
  31  3:15  Stalker x2  
  31  3:16  Stalker  
  38  3:27  Stalker  
  40  3:38  Mothership Core  
  42  3:45  Stalker  
  44  3:53  Pylon  
  44  3:57  Stalker  
  46  4:11  Stalker  
  48  4:22  Nexus  
  48  5:14  Stalker x3  
  54  5:21  Twilight Council  
  54  5:24  Pylon  
  54  5:26  Pylon  
  54  5:31  Probe  
  55  5:40  Pylon  
  55  5:42  Pylon, Stalker  
  57  5:43  Probe  
  57  5:45  Pylon  
  57  5:49  Assimilator  
  58  5:53  Assimilator  
  58  5:55  Probe  
  59  6:07  Probe  
  59  6:09  Stalker x2  
  59  6:10  Stalker x2  
  68  6:19  Probe  
  65  7:04  Stalker  
  65  7:05  Stalker x3  
  73  7:22  Probe  
  63  7:23  Probe  
  65  7:32  Probe  
  65  7:35  Probe  
  67  7:43  Probe  
  67  7:47  Probe  
  69  7:53  Probe  
  64  7:59  Probe  
  64  8:02  Stalker x2  
  64  8:03  Stalker x2  
  64  8:04  Probe  
  69  8:07  Stargate  
  69  8:08  Stargate  
  69  8:11  Probe  
  71  8:15  Probe  
  71  8:17  Pylon  
  72  8:22  Pylon  
  72  8:23  Probe  
  72  8:25  Probe  
  72  8:26  Blink (Chrono Boost)  
  74  8:35  Probe  
  74  8:36  Probe  
  74  8:40  Pylon  
  76  8:42  Gateway, Pylon  
  76  8:43  Pylon  
  76  8:44  Gateway  
  76  8:45  Stalker x3  
  76  8:47  Gateway, Stalker  
  84  8:57  Phoenix x2  
  88  9:08  Stalker x3  
  94  9:15  Nexus  
  94  9:22  Phoenix  
  96  9:52  Phoenix x2  
  100  9:54  Probe x2  
  102  10:05  Probe  
  102  10:06  Probe  
  104  10:12  Stalker x4  
  112  10:15  Probe  
  112  10:18  Probe  
  116  10:26  Probe  
  111  10:30  Probe  
  111  10:31  Void Ray x2  
  118  10:36  Probe  
  118  10:42  Probe, Robotics Facility  
  120  10:46  Forge  
  120  10:47  Probe  
  121  10:51  Stargate  
  121  10:56  Protoss Air Weapons Level 1, Stargate  
  121  11:08  Pylon  
  121  11:12  Assimilator  
  121  11:14  Assimilator, Void Ray  
  121  11:16  Pylon  
  125  11:21  Void Ray  
  121  11:51  Void Ray  
  121  11:54  Void Ray  
  121  11:57  Void Ray  
  127  12:04  Void Ray  
  109  12:39  Void Ray  
  109  12:40  Void Ray  
  109  12:41  Void Ray  
  115  12:47  Void Ray  
  109  13:00  Probe  
  109  13:01  Probe  
  111  13:13  Pylon  
  111  13:16  Pylon  
  110  13:22  Void Ray  
  110  13:23  Void Ray  
  93  14:16  Cybernetics Core  
  93  14:17  Fleet Beacon  
  93  14:22  Void Ray x3  
  93  14:24  Void Ray  
  103  15:05  Void Ray x2  
  111  15:12  Pylon  
  111  15:16  Pylon  
  111  15:18  Pylon  
  111  15:33  Void Ray x2  
  119  15:48  Void Ray  
  123  16:02  Protoss Air Weapons Level 2 (Chrono Boost)  
  123  16:17  Void Ray x2  
  131  16:42  Void Ray  
  135  16:58  Nexus  
  135  17:00  Assimilator  
  141  17:05  Assimilator  
  141  17:08  Pylon  
  141  17:11  Pylon  
  141  17:13  Protoss Air Armor Level 1 (Chrono Boost)  
  141  17:15  Pylon  
  141  17:18  Pylon  
  141  17:35  Void Ray x3  
  141  17:36  Void Ray  
  157  17:46  Stargate  
  157  18:02  Stargate  
  157  18:03  Stargate  
  157  18:18  Void Ray x3  
Show
View Real Time Build Order
Export as new Build Order

LEBEN Terran - Winner!

Build Orders:  

Get SALT Encoding   

  12  0:01  SCV  
  14  0:14  SCV  
  14  0:18  Supply Depot  
  14  0:26  SCV  
  15  0:40  SCV  
  16  0:44  Barracks  
  16  0:48  Refinery  
  16  0:52  SCV  
  17  1:04  SCV  
  18  1:18  SCV  
  19  1:25  Refinery  
  19  1:32  Orbital Command  
  19  1:34  Barracks Reactor  
  19  1:45  Supply Depot  
  19  1:59  Barracks  
  19  2:00  SCV  
  20  2:11  Marine x2  
  20  2:12  Factory  
  22  2:20  SCV  
  23  2:31  Marine x2  
  23  2:32  SCV  
  26  2:37  Supply Depot  
  26  2:44  SCV  
  26  2:46  Barracks Tech Lab  
  27  2:51  Marine x2  
  27  2:56  Starport, Factory Tech Lab  
  29  3:05  Marine, Stimpack  
  29  3:09  Marine  
  33  3:34  Medivac  
  35  3:36  Marine x2  
  35  3:37  Marine  
  30  4:00  SCV  
  6  4:12  SCV  
  6  4:25  SCV  
  5  5:39  Starport Reactor  
  5  8:12  SCV  
  6  8:24  SCV  
  7  8:45  SCV  
Show
View Real Time Build Order
Export as new Build Order

Jhyrachy Zerg - Winner!

Build Orders: Pool First 

Get SALT Encoding   

  12  0:02  Drone  
  13  0:10  Drone  
  14  0:19  Overlord  
  14  0:43  Drone x3  
  17  0:55  Drone  
  18  0:58  Spawning Pool  
  17  1:26  Extractor, Drone  
  17  1:28  Drone x2  
  19  1:55  Zergling x4  
  21  2:09  Zergling x2  
  21  2:15  Overlord  
  22  2:31  Overlord  
  22  2:33  Queen  
  24  2:40  Zergling x2  
  25  2:53  Drone x2  
  25  2:55  Hatchery  
  26  2:59  Metabolic Boost  
  26  3:03  Evolution Chamber  
  26  3:05  Zergling x2  
  26  3:10  Extractor, Queen  
  27  3:34  Zergling x2  
  27  3:35  Zergling x2, Zerg Melee Weapons Level 1  
  29  3:52  Zergling x2  
  29  3:53  Zergling x4  
  25  4:05  Zergling x4  
  25  4:17  Zergling x8  
  25  4:18  Zergling x2  
  5  4:49  Zergling x14  
  5  4:50  Zergling x4  
  11  5:06  Queen x2  
  15  5:26  Drone  
  15  5:27  Drone x2  
  18  5:30  Zerg Ground Armor Level 1, Drone  
  16  6:16  Drone x3  
  16  6:17  Drone x3  
  16  7:56  Drone x2  
  18  7:58  Zergling x2  
  18  7:59  Zergling x28  
  18  8:00  Zergling x2  
  34  8:17  Pneumatized Carapace  
  34  8:39  Overlord x2  
  34  8:49  Drone x2  
  34  8:51  Overlord x2  
  36  9:17  Hatchery  
  26  10:02  Lair  
  26  10:03  Drone x3  
  24  10:33  Spore Crawler  
  11  10:47  Spine Crawler  
  11  10:49  Zergling x16  
  20  10:50  Zergling x8  
  22  11:00  Overseer  
  13  11:47  Queen  
  15  11:56  Drone x3  
  15  11:57  Drone  
  15  11:58  Drone x6  
  25  12:17  Drone  
  26  12:32  Drone x2  
  26  13:09  Drone x4  
  26  13:10  Drone  
  30  13:50  Spore Crawler  
  30  13:54  Spore Crawler  
  21  14:27  Drone x8  
  29  15:04  Extractor  
  29  15:06  Drone x3, Extractor  
  30  15:07  Hatchery, Drone x3  
  30  15:08  Drone  
  30  15:09  Drone x12  
  45  15:18  Queen  
  47  16:03  Queen  
  49  16:16  Drone  
  49  16:17  Drone x2, Extractor  
  49  16:18  Extractor, Drone x2  
  51  16:19  Drone  
  51  16:20  Drone x2  
  51  16:21  Drone x2  
  57  18:05  Drone x4  
  61  18:17  Drone x3  
  64  18:32  Hatchery  
  63  18:43  Hatchery  
  62  19:05  Extractor  
Tags
 
Add a new tag
Caveats
  • Supply blocks, unpowered buildings, or Contaminate may cause inaccurate times.
  • Supply counts are checked every 10 seconds.